[Event "Azerbaijan Women Championship 2022"]
[Site "Baku"]
[Date "2022.05.19"]
[Round "3.1"]
[White "Hajiyeva, Laman"]
[Black "Allahverdiyeva, Ayan"]
[Result "1/2-1/2"]
[ECO "B22"]
[WhiteElo "1971"]
[BlackElo "2120"]
[Annotator "TA"]
[PlyCount "138"]
[EventDate "2022.05.17"]
[EventType "tourn"]
[EventCountry "AZE"]
[SourceTitle "playchess.com"]
[Source "ChessBase"]
[SourceQuality "1"]
[TimeControl "40/5400+30:1800+30"]

1. e4 c5 2. c3 Nf6 3. e5 Nd5 4. d4 cxd4 5. cxd4 d6 6. Nf3 Nc6 7. Bc4 Nb6 8. Bb5 dxe5 9. Nxe5 Bd7 10. Nxd7 Qxd7 11. Nc3 e6 12. O-O Rd8 {[%emt 0:00:04] B22: Sicilian: 2 c3.} 13. Be3 Be7 14. Qb3 O-O 15. Rfd1 Qc8 16. Rac1 {[%emt 0:03:58] has lost popularity (16.Na4).} Na5 17. Qc2 Nac4 18. Qe2 Nxe3 19. Qxe3 Qb8 20. d5 {[%emt 0:15:20][%cal Bd4d5,Bd5e6,Be6f7][%mdl 32] [#]} Bd6 $146 (20... e5 21. Bf1 Kh8 22. g4 Kg8 23. h3 h6 24. Rc2 Bg5 25. Qc5 Na4 26. Qb4 Nxc3 27. bxc3) (20... e5 $11 {might be stronger.}) ({Predecessor:} 20... e5 21. Bf1 Kh8 22. g4 Kg8 23. h3 h6 24. Rc2 Bg5 25. Qc5 Na4 26. Qb4 Nxc3 27. bxc3 {½-½ (35) Salati,P (2318)-Palladino,M (2326) ICCF email 2019}) 21. dxe6 $14 {[%emt 0:07:47] e7 is the strong threat.} Bxh2+ 22. Kh1 Bf4 $1 {[%emt 0:04:58] [#]} 23. Rxd8 $1 Rxd8 24. exf7+ Kh8 $2 {[%emt 0:16:47][%mdl 8192] [#]} (24... Kf8 $1 $11 {and Black has nothing to worry.} 25. Qc5+ Qd6 26. Qxd6+ Rxd6) 25. Be8 (25. Qe6 $142 $1) 25... Nd7 $18 {[%emt 0:22:30] [#]} 26. Qe7 Bd6 27. Qe2 {[%emt 0:01:55] aiming for Bxd7.} Nf6 28. Re1 $40 {[%emt 0:01:17][%mdl 128] White has strong attack.} (28. Ba4 $1 $18) 28... Bf8 $16 29. g3 a6 30. Ba4 b5 31. Bb3 b4 (31... g6 $142 32. Kg1 Kg7) 32. Ne4 $18 {[%emt 0:01:45] Strongly threatening Nxf6.} Qe5 33. Nxf6 Qxf6 34. Kg1 a5 $2 (34... g6 35. Qe8 Kg7) 35. Qe5 ({Resist} 35. Qe8 g6 36. Re6 Qd4 $18) 35... Rd2 {[%emt 0:04:54] [#]} (35... a4 $142) 36. Qxf6 $2 {[%emt 0:00:08] Active counter play!} (36. Qc5 $3 $18 {[%cal Rc5f8][%mdl 512] is the precise move to win.} Qxf2+ 37. Qxf2 Rxf2 38. Kxf2) 36... gxf6 {[%emt 0:00:02][%mdl 4096] Endgame KRB-KRB} 37. Re8 Kg7 38. Ra8 $1 Rxb2 39. Rxa5 Kg6 40. Ra8 Kg7 41. Rd8 Re2 42. Kg2 Re5 43. Kf3 h6 44. Re8 Rf5+ 45. Ke2 Rg5 46. Kd3 Rc5 47. Kd4 {[%emt 0:09:08][%cal Oe8f8] Intending Rxf8! and mate.} Rg5 48. Be6 Ra5 49. Bd5 Ra4 {[%emt 0:03:17] White must now prevent ...b3+.} 50. Bb3 Ra5 51. f4 Rh5 52. Re2 Rh3 53. Rg2 Rh1 54. g4 Re1 55. Rf2 (55. Kd3 $142) 55... Rg1 $16 56. Be6 Re1 57. Kd5 Re3 58. Rb2 Kg6 {[%emt 0:01:47] [#]} (58... Be7 $142 59. Rc2 Rc3) 59. Kd4 $1 Re1 {[%emt 0:02:15] [#]} 60. Rc2 $1 Kg7 61. Rc6 Re2 {[%emt 0:00:17] [#]} (61... Rd1+ $16 62. Ke4 Rd6 63. Rxd6 Bxd6) 62. Kd3 (62. Bd5 $1 $18) 62... Re1 63. Ra6 Be7 (63... Rd1+ $16 {might work better.} 64. Ke4 Rd6 65. Rxd6 Bxd6) 64. Rc6 ({White should try} 64. Bb3 $18) 64... Bf8 $1 65. Ra6 (65. Bb3 $16) 65... Be7 $1 $18 66. Bd5 Rg1 {[%emt 0:00:15] [#]} 67. Ra7 (67. Ra8 $1 $16 {[%cal Ra8g8] White wants to mate with Rg8+.} Bf8 68. Be6) 67... Bf8 $14 68. Bf3 Rf1 69. Ke4 (69. Ke2 $14 Rf2+ 70. Kxf2 Bc5+ 71. Kg3 Bxa7 72. Bd5) 69... Ra1 {[%emt 0:00:20] Weighted Error Value: White=0.24 (precise) /Black=0.27 (precise)} 1/2-1/2

[Event "Azerbaijan Women Championship 2022"]
[Site "Baku"]
[Date "2022.05.19"]
[Round "3.2"]
[White "Balajayeva, Khanim"]
[Black "Abdulla, Khayala"]
[Result "1/2-1/2"]
[ECO "B22"]
[WhiteElo "2376"]
[BlackElo "2219"]
[Annotator "TA"]
[PlyCount "80"]
[EventDate "2022.05.17"]
[EventType "tourn"]
[EventCountry "AZE"]
[SourceTitle "playchess.com"]
[Source "ChessBase"]
[SourceQuality "1"]
[TimeControl "40/5400+30:1800+30"]

1. e4 c5 2. c3 d5 3. exd5 Qxd5 4. Nf3 Nf6 5. d4 e6 6. Be2 Be7 7. O-O O-O 8. c4 Qc6 {[%emt 0:04:01] B22: Sicilian: 2 c3.} 9. dxc5 Rd8 10. Qc2 Qe4 {[%emt 0:02:35] [#]} 11. Bd1 $146 ({Predecessor:} 11. Ne1 Nc6 12. Nc3 Qxc2 13. Nxc2 Bxc5 14. Rd1 Rxd1+ 15. Bxd1 e5 16. Be3 Bxe3 17. Nxe3 {½-½ (49) Andreikin,D (2727)-Ding,L (2812) Wenzhou 2019}) 11... Qxc2 12. Bxc2 Nc6 13. a3 {[%emt 0:02:45] Prevents Nb4.} Bxc5 14. Nc3 h6 15. Ba4 Bd7 16. b4 Bd4 17. Bb2 Bxc3 18. Bxc3 Ne4 {[%emt 0:00:07] The position is equal.} 19. Bb2 Ne5 20. Bxd7 {[%emt 0:02:20] A strong pair of Bishops.} Nxc4 21. Bxe6 Nxb2 22. Bh3 Nd2 23. Nxd2 Rxd2 24. Rac1 b5 25. g3 Rd3 26. Rc2 Nc4 27. a4 a6 28. Ra1 Rb8 29. axb5 axb5 30. Bf1 Rb3 31. Bxc4 bxc4 32. Rxc4 R3xb4 33. Rxb4 Rxb4 $11 {[%emt 0:00:04][%mdl 4096] Endgame KR-KR} 34. h4 h5 35. Kg2 g6 36. Kf3 Kg7 37. Ra6 Rc4 38. Rb6 Ra4 39. Rc6 Rb4 40. Ra6 Rc4 {[%emt 0:00:00] An interesting draw.  Weighted Error Value: White=0.02 (flawless) /Black=0.02 (flawless)} 1/2-1/2

[Event "Azerbaijan Women Championship 2022"]
[Site "Baku"]
[Date "2022.05.19"]
[Round "3.3"]
[White "Beydullayeva, Govhar"]
[Black "Mamedjarova, Turkan"]
[Result "1-0"]
[ECO "A06"]
[WhiteElo "2384"]
[BlackElo "2264"]
[Annotator "TA"]
[PlyCount "103"]
[EventDate "2022.05.17"]
[EventType "tourn"]
[EventCountry "AZE"]
[SourceTitle "playchess.com"]
[Source "ChessBase"]
[SourceQuality "1"]
[TimeControl "40/5400+30:1800+30"]

1. Nf3 d5 2. d4 e6 3. c4 c6 4. Nbd2 f5 5. g3 Nf6 6. Bg2 Bd6 7. b3 O-O 8. O-O Nbd7 9. Bb2 Ne4 10. Ne1 {[%emt 0:13:47] E01: Catalan: Early deviations.} Ndf6 {[%emt 0:03:54] [#]} (10... Qe7 $11) 11. c5 $146 (11. Nd3 {seems wilder.} b6 12. Nf3 Ng4 13. Nfe5) ({Predecessor:} 11. Nxe4 Nxe4 12. f3 Nf6 13. Nd3 Bd7 14. Ne5 Be8 15. Qd2 dxc4 16. Nxc4 Bc7 17. Rfd1 Kh8 {1-0 (51) Martinez,M (1749)-Vieira,A (1831) Sao Paulo 2016}) 11... Bc7 12. f3 {[%emt 0:00:10] The position is equal.} Ng5 (12... Nxg3 $5 13. hxg3 Bxg3 $16) 13. Nd3 {[%emt 0:00:23] Against f4} h5 14. Qe1 Qe8 15. Ne5 Nd7 16. Nxd7 Bxd7 17. e4 ({Better is} 17. f4 $11 Ne4 18. Nf3) 17... f4 18. e5 Qg6 19. b4 Nf7 ({Black should try} 19... a5 $15) 20. Nb3 $11 fxg3 21. hxg3 (21. Qxg3 $11 Qxg3 22. hxg3) 21... Nh6 $15 22. Bc1 Nf5 23. Kh2 Bd8 24. Bh3 Bg5 25. Bxg5 Qxg5 26. Bxf5 Rxf5 27. f4 (27. Qd2 $11) 27... Qh6 $1 28. Qe3 Raf8 $1 29. Kg2 Qg6 (29... h4 $17) 30. Rf3 h4 31. Rh1 Rh5 32. Nc1 Rh6 (32... Be8 $5 ) 33. Ne2 Be8 34. Kf2 $2 (34. Rff1 $11 {and White stays safe.}) 34... h3 $2 ({Black should play} 34... hxg3+ $19 35. Nxg3 Rxh1 36. Nxh1 Qc2+ 37. Kg1 Qxa2) 35. Kg1 h2+ $1 36. Rxh2 Rxh2 37. Kxh2 Qg4 38. Rf2 Bg6 39. Qf3 $36 {[%emt 0:00:27][%mdl 2048] White is more active.} Qf5 40. g4 {[%emt 0:00:00] Inhibits Bh5.} Qb1 41. Ng3 {[%emt 0:01:18] [#] Threatens to win with f5.} (41. f5 $5) 41... Qxb4 $2 (41... Be4 $11 {and Black has nothing to worry.} 42. Nxe4 dxe4) 42. Qe3 $18 Qb1 (42... b6 {keeps fighting.} 43. f5 Be8) 43. f5 $1 {[%emt 0:03:54] Black must now prevent Qg5.} Bf7 (43... exf5 $2 44. gxf5 (44. Qf4 Qd1 $18) 44... Be8 45. Qg5 (45. e6 b6 $16)) (43... Be8 $142 44. Qg5 (44. fxe6 Rxf2+ 45. Qxf2 Qg6 $16) 44... Qd3) 44. Qg5 Re8 45. fxe6 (45. Nh5 $142 Bxh5 46. gxh5 (46. Qxh5 Rf8 $11) 46... Qxf5 47. Rxf5 exf5 48. h6 Kf7 49. Qxg7+ Ke6 50. h7) 45... Qh7+ 46. Kg1 Rxe6 47. Nf5 {[%emt 0:00:40] [#] Strongly threatening Qd8+.} Qg6 48. Qh4 ({And not} 48. Ne7+ Rxe7 49. Qxe7 Qxg4+ 50. Kh1 Qd1+ 51. Kg2 Qg4+ 52. Kh1 Qd1+ 53. Kh2 Qh5+ 54. Kg2 Qg4+ 55. Kf1 Qd1+ 56. Kg2 Qg4+ $11) 48... Re8 49. Nd6 Qb1+ 50. Rf1 Qd3 51. Nxf7 Qxd4+ 52. Kh2 {[%emt 0:00:29] Weighted Error Value: White=0.39/Black=0.66} 1-0

[Event "Azerbaijan Women Championship 2022"]
[Site "Baku"]
[Date "2022.05.19"]
[Round "3.4"]
[White "Fataliyeva, Ulviyya"]
[Black "Mammadova, Gulnar"]
[Result "1-0"]
[ECO "A50"]
[WhiteElo "2348"]
[BlackElo "2387"]
[Annotator "TA"]
[PlyCount "79"]
[EventDate "2022.05.17"]
[EventType "tourn"]
[EventCountry "AZE"]
[SourceTitle "playchess.com"]
[Source "ChessBase"]
[SourceQuality "1"]
[TimeControl "40/5400+30:1800+30"]

1. d4 Nf6 2. c4 g6 3. h4 Bg7 4. Nc3 d6 5. e4 h6 {[%emt 0:12:25] [#]} 6. Nge2 $146 {[%emt 0:05:10][%cal Bg1e2,Be2g3,Bg3f5][%mdl 32] E60: King's Indian: Unusual lines and Fianchetto Variation without Nc3.} ({Predecessor:} 6. f3 a6 7. Be3 c6 8. Qd2 b5 9. O-O-O Nbd7 10. g4 Qa5 11. a3 Rb8 12. cxb5 axb5 {1-0 (56) Trent,L (2399)-Komiagina,M (2241) Chess.com INT 2021}) 6... c5 7. d5 b5 8. cxb5 {[%emt 0:00:38] White is better.} a6 9. Ng3 O-O ({Black should try} 9... h5 $14) 10. h5 $1 $16 g5 {[%emt 0:00:10] [#]} 11. Bxg5 $1 axb5 12. Bxf6 Bxf6 13. Bxb5 Bg7 (13... Qa5 $16) 14. Nf5 Bxf5 15. exf5 Qa5 {[%emt 0:03:22] [#]} 16. Rh3 {[%emt 0:04:15][%cal Bh1h3,Bh3f3,Bf3g3,Bg3g4][%mdl 32] Rg3 is the strong threat.} Qb4 (16... Bxc3+ $2 17. bxc3 Kh7 18. Qd3 $18) 17. Qe2 {[%emt 0:06:27] And now a3 would win.} Ra7 18. a3 Qf4 19. Rf3 Qh4 20. O-O-O Nd7 21. Bxd7 Rxd7 22. Rg3 {[%emt 0:02:08] aiming for Qf3.} Rb8 23. Qg4 Qxg4 24. Rxg4 Kf8 $2 {[%emt 0:00:05][%mdl 8192] This costs Black the game.} (24... Rdb7 $16) 25. Rd3 $18 {[%emt 0:01:32] Strongly threatening Rdg3. White is clearly winning.} Bxc3 26. Rxc3 {[%emt 0:05:21][%mdl 4096] Endgame Intending Rcg3 and mate. KRR-KRR} ({Not} 26. bxc3 Rdb7 $18) 26... Rdb7 27. Rcg3 Ke8 28. Rg8+ Kd7 29. Rxb8 Rxb8 {[%emt 0:00:05] KR-KR} 30. Rg7 f6 31. Kc2 c4 32. Rg4 Rb5 33. Rd4 Ra5 34. Kc3 Rb5 35. Rd2 Rc5 36. a4 Kc7 37. Kd4 Ra5 38. Rc2 Ra8 39. Kxc4 Kd7 40. Kb4 {[%emt 0:00:00] Weighted Error Value: White=0.16 (very precise) /Black=0.50} 1-0

[Event "Azerbaijan Women Championship 2022"]
[Site "Baku"]
[Date "2022.05.20"]
[Round "4.1"]
[White "Mammadova, Gulnar"]
[Black "Hajiyeva, Laman"]
[Result "1/2-1/2"]
[ECO "C11"]
[WhiteElo "2387"]
[BlackElo "1971"]
[Annotator "TA"]
[PlyCount "51"]
[EventDate "2022.05.17"]
[EventType "tourn"]
[EventCountry "AZE"]
[SourceTitle "playchess.com"]
[Source "ChessBase"]
[SourceQuality "1"]
[TimeControl "40/5400+30:1800+30"]

1. e4 e6 2. d4 d5 3. Nc3 Nf6 4. e5 Nfd7 5. f4 c5 6. Nf3 Nc6 7. Be3 Qb6 8. Na4 Qa5+ 9. c3 b6 10. Bd2 c4 11. b4 $1 Nxb4 {[%emt 0:13:32] C11: French: Classical System: 4 e5 and 4 Bg5 dxe4.} 12. cxb4 Bxb4 13. Rc1 {[%emt 0:06:02] Nc3 is the strong threat.} Bxd2+ 14. Nxd2 b5 15. Nc3 O-O 16. Be2 b4 {[%emt 0:05:27] [#]} 17. Nce4 $146 ({Predecessor:} 17. Qa4 Qb6 18. Nd1 Nb8 19. Nf3 Nc6 20. Nf2 a5 21. Qd1 a4 22. O-O a3 23. Qd2 {0-1 (44) Abasov,N (2516)-Mammadov,Z (2453) Baku 2014}) 17... dxe4 18. Nxc4 Qd5 {[%emt 0:05:34] White must now prevent ...Ba6.} (18... Qxa2 $2 19. Ra1 Qxa1 20. Qxa1 $18) 19. Ne3 Qa5 20. Nc4 $1 Qd5 {[%emt 0:02:27] And now ...Ba6 would win.} (20... Qxa2 $2 21. Ra1 Qxa1 22. Qxa1 $18) 21. Ne3 Qa5 22. Nc4 Qd5 {[%emt 0:00:23] Hoping for ...Ba6.} (22... Qxa2 $2 23. Ra1 Qxa1 24. Qxa1 $18) 23. Ne3 Qa5 24. Nc4 $1 Qd5 {[%emt 0:00:09] Strongly threatening ...Ba6.} (24... Qxa2 $2 25. Ra1 Qxa1 26. Qxa1 $18) 25. Ne3 Qa5 26. Nc4 $1 {[%emt 0:00:27] Weighted Error Value: White=0.04 (flawless) /Black=0.14 (very precise)} 1/2-1/2

[Event "Azerbaijan Women Championship 2022"]
[Site "Baku"]
[Date "2022.05.20"]
[Round "4.2"]
[White "Mamedjarova, Turkan"]
[Black "Abdulla, Khayala"]
[Result "0-1"]
[ECO "A02"]
[WhiteElo "2264"]
[BlackElo "2219"]
[Annotator "TA"]
[PlyCount "52"]
[EventDate "2022.05.17"]
[EventType "tourn"]
[EventCountry "AZE"]
[SourceTitle "playchess.com"]
[Source "ChessBase"]
[SourceQuality "1"]
[TimeControl "40/5400+30:1800+30"]

1. f4 Nf6 2. Nf3 e6 3. e3 d5 4. d4 c5 5. c3 Nc6 6. Bd3 Bd6 7. O-O O-O 8. Ne5 {[%emt 0:03:33] D00: 1 d4 d5: Unusual lines.} Qc7 9. Nd2 b6 10. Qf3 {[%emt 0:07:37] The position is equal.} Bb7 11. Qh3 Ne7 12. Ndf3 {[%emt 0:05:11] [#] Black must now prevent Ng4.} Ne4 {[%emt 0:16:09] [#]} 13. Ng5 $146 (13. Bxe4 dxe4 14. dxc5 (14. Ng5 $2 h6 $19) 14... Bxc5 $15) ({Predecessor:} 13. Bd2 Nf5 14. Rad1 Be7 15. Bc1 f6 16. Ng4 Nfd6 17. Nf2 Bc8 18. g4 a5 19. Qg2 {½-½ (59) Kagramanianz,V (2292)-Bilych,O (1967) Lvov 2017}) 13... h6 14. Ngf3 (14. Ngxf7 Rxf7 15. Nxf7 (15. Qxe6 $2 Bxe5 16. fxe5 Raf8 $19) 15... Kxf7 $17) 14... Qc8 15. Nh4 ({Better is} 15. Nd2 $15) 15... Bxe5 $17 16. fxe5 Ba6 17. Bxe4 (17. Bxa6 $17 Qxa6 18. g3) 17... Bxf1 $19 ({Weaker is} 17... dxe4 18. Rf2 $17) 18. Bc2 Qa6 19. e4 Qe2 20. Bxh6 gxh6 {[%emt 0:02:12] Dancing on a razor blade.} ({Stronger than} 20... Qxc2 21. Qg4 Ng6 22. Rxf1 $17 (22. Nxg6 $2 fxg6 23. Rxf1 Rxf1+ 24. Kxf1 Rf8+ 25. Bf4 Qb1+ 26. Kf2 Qxb2+ 27. Kf1 Qxc3 $19)) 21. Rxf1 $2 {[%emt 0:02:07] [#]} (21. Qg3+ Kh7 22. Qf2 Qxf2+ 23. Kxf2) 21... Qxc2 {[%emt 0:00:40] Black is clearly winning.} 22. Qg4+ Kh8 23. Qh5 Qd2 24. Qf3 Qg5 25. g3 cxd4 26. cxd4 Rad8 {[%emt 0:00:42] Weighted Error Value: White=0.46/Black=0.07 (flawless)} 0-1

[Event "Azerbaijan Women Championship 2022"]
[Site "Baku"]
[Date "2022.05.20"]
[Round "4.3"]
[White "Beydullayeva, Govhar"]
[Black "Fataliyeva, Ulviyya"]
[Result "1/2-1/2"]
[ECO "D30"]
[WhiteElo "2384"]
[BlackElo "2348"]
[Annotator "TA"]
[PlyCount "100"]
[EventDate "2022.05.17"]
[EventType "tourn"]
[EventCountry "AZE"]
[SourceTitle "playchess.com"]
[Source "ChessBase"]
[SourceQuality "1"]
[TimeControl "40/5400+30:1800+30"]

1. d4 d5 2. c4 e6 3. Nf3 a6 4. Bg5 Be7 5. Bxe7 Nxe7 6. Nbd2 {[%emt 0:00:02][%cal Bb1d2,Bd2e4,Be4d6][%mdl 32] D30: Queen's Gambit Declined: Systems without Nc3.} O-O 7. g3 Nd7 8. Bg2 {[%emt 0:00:04] White is slightly better.} c5 9. O-O b5 10. cxd5 Nxd5 {[%emt 0:00:36] [#]} 11. Ne4 $146 ({Predecessor:} 11. Rc1 c4 12. Nb1 Bb7 13. b3 cxb3 14. axb3 Qb6 15. Qd2 a5 16. Rfe1 b4 17. e4 {0-1 (45) Anuj,S (2350)-Svane,R (2615) Chess.com INT 2021}) 11... c4 12. b3 cxb3 13. axb3 Bb7 14. Nd6 Bc6 15. Rc1 Nb8 16. Ne4 Nb4 17. Nc5 (17. Ne5 {looks sharper.} Bd5 18. e3 N8c6 19. f4) 17... Ra7 18. Qd2 a5 19. Rfd1 N8a6 20. Ne5 Bxg2 21. Kxg2 f6 22. Nf3 Nxc5 23. Rxc5 Qb6 24. Rdc1 Rd7 25. e4 Qb7 (25... h6 $11) 26. Qe2 $16 Rb8 27. d5 $1 exd5 28. Nd4 Re8 29. Rxb5 Qa7 30. Rcc5 (30. Qh5 $2 g6 31. Qg4 Nd3 $19) 30... Rdd8 (30... Rd6 $16) 31. Rxa5 $18 Qd7 32. Rcb5 ({Better is} 32. Ra4 $1 $18 Rb8 33. Rb5 Rxb5 34. Qxb5 (34. Nxb5 Nc6 $16) 34... Qxb5 35. Nxb5) 32... Rxe4 $16 33. Qd2 Nc6 34. Nxc6 Qxc6 35. Rc5 (35. Rxd5 $2 Re5 36. Qc1 Qxc1 $19) 35... Qb7 36. Rab5 $1 $36 {[%emt 0:00:22][%mdl 2048] White is in control.} (36. Rxd5 $2 Re5 37. Qb4 Qxb4 $19) 36... Qa8 {[%emt 0:00:19] [#]} (36... Qa6 $16) 37. Ra5 (37. Rxd5 $2 Re5 38. Qa2 Qxa2 $19) (37. Rc7 $1 $18 Rg4 38. Ra5) 37... Qb7 $14 38. Rab5 (38. Rxd5 $2 Re5 39. Qb4 Qxb4 $19) (38. Qc3 $14) 38... Qa8 $18 {[%emt 0:00:04] [#]} 39. Rc7 $1 {[%emt 0:09:22] Threatens to win with f3.} ({Don't blunder} 39. Rxd5 $2 Re5 40. Qa2 Qxa2 $19) 39... d4 (39... Kh8 $142 40. Rbb7 Rg8 41. Qxd5 Re5) 40. Rbb7 Rg4 41. Qe2 Rg6 42. Qd3 {[%emt 0:04:00] And now h4 would win.} Kh8 43. h4 {[%emt 0:01:04] h5 is the strong threat.} f5 44. Kh2 $2 (44. Qxf5 $18 d3 45. Qe5) 44... f4 $1 $11 45. Rd7 fxg3+ $1 46. fxg3 Rxd7 (46... Qa2+ $1 $11 47. Kh3 Rf8) 47. Rxd7 $16 Qa2+ 48. Kh3 Qa8 {[%emt 0:00:05][%cal Ra8h1] [#] Against Rd8+} 49. Qf3 {[%emt 0:06:46][%cal Rf3a8] Prevents Qh1+. Active counter play!} Qc8 50. Qe4 $2 Qb8 $2 {Quite a comeback for Black.  Weighted Error Value: White=0.44/Black=0.16 (very precise)} (50... Qxd7+ {mates} 51. g4 Rc6 52. h5 Rc3+ 53. Kh2 Qc7+ 54. Kh1 Rc1+ 55. Kg2 Qc6 56. Qxc6 Rxc6 57. b4 d3 58. b5 Rc1 59. b6 d2 60. b7 Rb1 61. Kf3 d1=Q+ 62. Ke3 Qd5 63. Kf2 Qd3 64. b8=Q+ Rxb8 65. Kg1 Rb2 66. Kh1 Qf1#) 1/2-1/2

[Event "Azerbaijan Women Championship 2022"]
[Site "Baku"]
[Date "2022.05.20"]
[Round "4.4"]
[White "Allahverdiyeva, Ayan"]
[Black "Balajayeva, Khanim"]
[Result "1-0"]
[ECO "B76"]
[WhiteElo "2120"]
[BlackElo "2376"]
[Annotator "TA"]
[PlyCount "81"]
[EventDate "2022.05.17"]
[EventType "tourn"]
[EventCountry "AZE"]
[SourceTitle "playchess.com"]
[Source "ChessBase"]
[SourceQuality "1"]
[TimeControl "40/5400+30:1800+30"]

1. e4 c5 2. Nf3 d6 3. d4 cxd4 4. Nxd4 Nf6 5. Nc3 g6 6. Be3 Bg7 7. f3 O-O 8. Qd2 Nc6 9. O-O-O d5 10. Nxc6 bxc6 11. Bh6 $1 {[%emt 0:08:29][%mdl 4] is recently more successful than 11.exd5.} Bxh6 12. Qxh6 Rb8 {[%emt 0:01:52] B76: Sicilian Dragon: Yugoslav Attack, 9 g4 and 9 0-0-0.} 13. h4 Qd6 14. Bc4 {[%emt 0:04:17] [#] Black must now prevent h5.} d4 $146 {[%emt 0:07:37] The position is equal.} (14... Qb4 15. Bb3 $14) ({Predecessor:} 14... Qg3 15. Bb3 e6 16. h5 Ba6 17. Rh3 Qxg2 18. Rdh1 Rb7 19. Nd1 Ne8 20. Ne3 Qe2 21. exd5 cxd5 22. Nxd5 {1-0 (37) Gokerkan,C (2466)-Van Dael,S (2390) Riga 2021}) 15. Ne2 {[%emt 0:08:32] White is more active.} (15. h5 $14 Qb4 16. Bb3 (16. Rxd4 Be6 $11) 16... dxc3 17. hxg6) 15... c5 (15... e5 $11 {keeps the balance.}) 16. h5 {[%emt 0:03:34] Threatens to win with hxg6.} (16. Nf4 $5 ) 16... Be6 17. Bxe6 Qxe6 18. b3 Qe5 {[%emt 0:14:04] Black is now going downhill.} (18... Nxh5 $2 19. Nf4 Qf6 20. Nxh5 gxh5 21. Qxf6 (21. Rxh5 Qxh6+ 22. Rxh6 f6 $16) (21. Qxh5 Rfc8 $16) 21... exf6 22. Rxh5 $18) (18... Qd6 $1 $11) 19. hxg6 $18 fxg6 20. Nf4 {[%emt 0:00:02][%cal Of4g6] aiming for Nxg6!} Rf7 {[%emt 0:00:18][%cal Oc5c4] [#]} 21. Nxg6 $1 Qc7 (21... Qe6 22. Nf4) 22. Nf4 Rb6 (22... Qd6 $142 23. Qg5+ Rg7) 23. Qh4 $2 (23. Qg5+ $18 Rg7 24. Qf5) 23... a5 $2 (23... e5 $1 $14) 24. Rh3 {[%emt 0:00:54] Strongly threatening Rg3+.} a4 $2 (24... e5) 25. Rg3+ Kf8 {[%emt 0:00:03] [#]} 26. e5 $1 {[%emt 0:01:25][%cal Be4e5,Be5f6][%mdl 32] White is clearly winning.} axb3 27. axb3 ({And not} 27. exf6 bxa2 28. Kd2 Rbxf6 $11) 27... Qa7 28. exf6 Qa1+ 29. Kd2 {[%emt 0:00:03] Threatening mate with Rg8+.} Qc3+ 30. Ke2 Qxc2+ 31. Rd2 {[%emt 0:00:03] Intending Qg4 and mate.} Qxb3 {[%emt 0:00:14] [#]} 32. Qh6+ (32. Qg4 $2 {leads to mate.} Qe3+ 33. Kf1 Rb1+) (32. Rg8+ $142 $3 Kxg8 33. Qg4+ Kh8 34. Qc8+ Rf8 35. Qxf8+ Qg8 36. Qxe7) 32... Ke8 33. Rg8+ Kd7 34. Nd3 Qd5 35. Rg5 Qe6+ 36. Re5 Qxf6 37. Nxc5+ Kc7 38. Ne6+ Kc8 39. Qxf6 {[%emt 0:05:11] White threatens Rc5+ and mate.} exf6 40. Rc5+ Kb8 41. Nxd4 {[%emt 0:00:14] Weighted Error Value: White=0.46/Black=0.95} 1-0

[Event "Azerbaijan Women Championship 2022"]
[Site "Baku"]
[Date "2022.05.21"]
[Round "5.1"]
[White "Balajayeva, Khanim"]
[Black "Mammadova, Gulnar"]
[Result "1/2-1/2"]
[ECO "C89"]
[WhiteElo "2376"]
[BlackElo "2387"]
[Annotator "TA"]
[PlyCount "49"]
[EventDate "2022.05.17"]
[EventType "tourn"]
[EventCountry "AZE"]
[SourceTitle "playchess.com"]
[Source "ChessBase"]
[SourceQuality "1"]
[TimeControl "40/5400+30:1800+30"]

1. e4 e5 2. Nf3 Nc6 3. Bb5 a6 4. Ba4 Nf6 5. O-O Be7 6. Re1 b5 7. Bb3 O-O 8. c3 d5 9. exd5 Nxd5 10. Nxe5 Nxe5 11. Rxe5 c6 12. d4 Bd6 13. Re1 Qh4 14. g3 Qh3 15. Qf3 Bg4 16. Qg2 Qh5 {[%emt 0:00:39] [#] Hoping for ...Rae8.} 17. Be3 {[%emt 0:02:59] C89: Closed Ruy Lopez: Marshall Attack.} Rae8 {[%emt 0:02:24] And now ...Bf3 would win.} 18. Nd2 {[%emt 0:02:18] Inhibits Bf3.} Re7 19. Bxd5 {[%emt 0:04:53] White is slightly better.} cxd5 {[%emt 0:03:07] The position is equal.} 20. Bf4 Bh3 $1 21. Qf3 Bg4 {[%emt 0:00:16] A strong pair of Bishops.} 22. Qg2 Bh3 $1 23. Qf3 Bg4 {[%emt 0:00:11] [#]} 24. Qg2 $146 ({Predecessor:} 24. Qd3 Be2 25. Rxe2 Qxe2 26. Qxe2 Rxe2 27. Bxd6 Rxd2 28. Bxf8 Kxf8 29. b4 Rc2 30. a4 Rxc3 31. axb5 axb5 {½-½ (37) Papp,G (2578)-Erdos,V (2640) Heviz 2012}) 24... Bh3 $1 25. Qf3 {[%emt 0:00:11] An even fight not without its subleties.  Weighted Error Value: White=0.05 (flawless) /Black=0.01 (flawless)} 1/2-1/2